 Dungeon Crawl Stone Soup version 0.30-a0-2-gf48d83f5e2 (webtiles) character file.

Game seed: 11579690295369912004

9 kae the Firebug (level 2, 0/15 HPs)
             Began as a Deep Elf Fire Elementalist on Aug 19, 2022.
             Slain by a jackal (3 damage)
             ... on level 1 of the Dungeon.
             The game lasted 00:00:31 (162 turns).

kae the Firebug (Deep Elf Fire Elementalist)         Turns: 162, Time: 00:00:32

Health: 0/15       AC:  2    Str:  5    XL:     2   Next: 3%
Magic:  3/8        EV: 12    Int: 19    God:
Gold:   10         SH:  0    Dex: 15    Spells: 6/7 levels left

rFire   . . .      SeeInvis .    (no weapon)
rCold   . . .      Faith    .    (no shield)
rNeg    . . .      Spirit   .    a - +0 robe
rPois   .          Reflect  .    (no helmet)
rElec   .          Harm     .    (no cloak)
rCorr   .          Rampage  .    (no gloves)
Will    .....                    (no boots)
Stlth   ++........               (no amulet)
HPRegen 0.05/turn                (no ring)
MPRegen 0.11/turn                (no ring)

@: no status effects
A: no striking features
a: no special abilities


You were on level 1 of the Dungeon.
You visited 1 branch of the dungeon, and saw 1 of its levels.

You collected 10 gold pieces.


   Skills:
 - Level 2.4 Dodging
 - Level 2.4 Stealth
 + Level 3.2 Spellcasting
 * Level 1.6 Conjurations
 * Level 3.5 Fire Magic


You had 6 spell levels left.
You knew the following spells:

 Your Spells              Type           Power      Damage    Failure   Level
a - Foxfire               Conj/Fire      52%        2x1d6     4%          1

Your spell library contained the following spells:

 Spells                   Type           Power      Damage    Failure   Level
 Scorch                   Fire           32%        2d7       5%          2
 Conjure Flame            Conj/Fire      13%        6-21      16%         3
 Inner Flame              Hex/Fire       9%         N/A       22%         3
 Flame Wave               Conj/Fire      13%        2d6       45%         4

Inventory:

Armour
 a - a +0 robe (worn)
Scrolls
 c - 2 scrolls of enchant armour
Potions
 b - a potion of magic

Dungeon Overview and Level Annotations

Branches:
Dungeon (1/15) Zot: 5837

Altars:

†....###...########....#.r,**,,,,
............,.............,***,**
.†###....#..,,.........§..,***,,*
.####....####.........§§..,,,,,,,
...##.[........#.....§§§..,,*,,,,
##...........#*#..)..§§§..,,,,,,,
###.[...##### *#h.§§§§§..,,,,,,,
##....# ####hK§§§§..,,,,,,,
#....######v@hh§§###..,**,,**
##...§§§§§§v###### *******,,,
#.########## **** ###


You could see 3 jackals and a kobold.


Message History

Your mp is fully restored (6).
f - a scroll labelled DUYTETA ZIZOU A goblin comes into view.
It is wielding a +0 dagger.
A goblin is nearby!
A goblin is nearby!
A ball python comes into view.
The ball python hisses angrily.
You hear a bark!
You hear a shout!
A jackal comes into view.
Casting: Foxfire (safe; 5% risk of failure)
Confirm with . or Enter, or press ? or * to list all spells.
You conjure some foxfire!
The goblin shouts!
You hear a bark!
The foxfire hits the goblin. x2
You kill the goblin! 😎 MP[-1]
You lost 1 mp, and now have 5/6 mp.
Casting: Foxfire (safe; 5% risk of failure)
Confirm with . or Enter, or press ? or * to list all spells.
You conjure some foxfire!
The foxfire hits the ball python. x2
You kill the ball python!
A jackal comes into view.
You have reached level 2! 😎 HP[+5]
You now have 15 max hp (+5).
Your hp is fully restored (15).
Casting: Foxfire (safe; 4% risk of failure)
Confirm with . or Enter, or press ? or * to list all spells.
You conjure some foxfire!
The jackal bites you.
A kobold comes into view. It is wielding a +0 club.
The foxfire hits the jackal but does no damage. x2
The jackal bites you.
A jackal comes into view. 😕 HP[-2] MP[-1]
You take 2 damage, and now have 13/15 hp.
You lost 1 mp, and now have 4/8 mp.
Casting: Foxfire (safe; 4% risk of failure)
Confirm with . or Enter, or press ? or * to list all spells.
You conjure some foxfire!
The kobold shouts!
A jackal comes into view.
The jackal bites you. x2
The foxfire hits the jackal but does no damage. x2
The jackal bites you but does no damage.
A rat comes into view. 😮 HP[-2] MP[-1]
You take 2 damage, and now have 11/15 hp.
You lost 1 mp, and now have 3/8 mp.
Casting: Foxfire (safe; 4% risk of failure)
Confirm with . or Enter, or press ? or * to list all spells.
You conjure some foxfire!
The jackal misses you. The jackal closely misses you.
The foxfire hits the jackal.
The foxfire hits the jackal but does no damage.
The jackal closely misses you. The jackal bites you. The jackal misses you.
The jackal bites you but does no damage.
A rat comes into view. 😮 HP[-2]
You take 2 damage, and now have 9/15 hp.
Unknown command.
The jackal attacks as you move away! The jackal barely misses you. 😮 HP[+1]
The jackal barely misses you.
Okay, then.
As you read the scroll labelled BODDAT VUANYOPE, it crumbles to dust.
You feel aware of your surroundings.
It was a scroll of magic mapping.
The jackal bites you but does no damage.
Unknown command.
As you read the scroll labelled DUYTETA ZIZOU, it crumbles to dust.
It is a scroll of identify.
c - 2 scrolls of enchant armour The jackal bites you. 😮 HP[-2]
You take 2 damage, and now have 8/15 hp.
Okay, then.
Unknown command.
Unknown command.
The air fills with toxic fumes!
As you read the scroll labelled XEHISOUNNA, it crumbles to dust.
It was a scroll of poison.
The jackal completely misses you. The jackal bites you.
* * * LOW HITPOINT WARNING * * *
😨 HP[-2]
You take 2 damage, and now have 6/15 hp.
Really walk into that cloud of poison gas?
Okay, then.
Okay, then.
Casting: Foxfire (safe; 4% risk of failure)
Confirm with . or Enter, or press ? or * to list all spells.
You conjure some foxfire!
The jackal barely misses you. The jackal bites you.
* * * LOW HITPOINT WARNING * * *
The jackal completely misses you. 😱 HP[-3] MP[-1]
You take 3 damage, and now have 3/15 hp.
You lost 1 mp, and now have 2/8 mp.
Unknown command.
Okay, then.
Okay, then.
You hit the jackal but do no damage. The jackal misses you.
You barely miss the jackal. The jackal bites you.
You die...

Action                   || total
-------------------------++-------
Melee: Unarmed           ||     2
 Cast: Foxfire           ||    13
  Use: Scroll            ||     3
Armor: Robe              ||     3
Dodge: Dodged            ||    11

Levels and vault maps discovered:
D:1:      wander_arrival_fairy_ring, layout_rooms

Notes
Turn   | Place    | Note
-------+----------+-------------------------------------------
     0 | D:1      | kae the Deep Elf Fire Elementalist began the quest for the
                  | Orb.
     0 | D:1      | Reached XP level 1. HP: 10/10 MP: 6/6
     0 | D:1      | magus.rc [v1.11.3]
   148 | D:1      | Reached XP level 2. HP: 15/15 MP: 5/8
   160 | D:1      | HP: 3/15 [jackal (3)]
   162 | D:1      | Slain by a jackal

Vanquished Creatures
  A ball python (D:1)
  A giant cockroach (D:1)
  2 goblins (D:1)
  A kobold (D:1)
  A quokka (D:1)
  A bat (D:1)
7 creatures vanquished.

Vanquished Creatures (collateral kills)
  A foxfire (D:1)
1 creature vanquished.

Vanquished Creatures (others)
  22 foxfires (D:1)
22 creatures vanquished.

Grand Total: 30 creatures vanquished

Table legend:
 A = Non-vault XP
 B = Vault XP
 C = Vault XP percentage of total XP
 D = Non-vault monster count
 E = Vault monster count
 F = Vault count percentage of total count
                 A         B        C        D         E       F
            +---------+---------+-------+---------+---------+-------
      Total |      13 |       0 |   0.0 |       7 |       0 |   0.0
            +---------+---------+-------+---------+---------+-------
        D:1 |      13 |       0 |   0.0 |       7 |       0 |   0.0
            +---------+---------+-------+---------+---------+-------

Illustrated notes

Table legend:
 A = Kills in this place as a percentage of kills in entire the game.
 B = Kills by you in this place as a percentage of kills by you in the entire game.
 C = Kills by friends in this place as a percentage of kills by friends in the entire game.
 D = Other kills in this place as a percentage of other kills in the entire game.
 E = Experience gained in this place as a percentage of experience gained in the entire game.
 F = Experience gained in this place divided by the number of levels of this place that you have seen.
                   A       B       C       D       E      F
               +-------+-------+-------+-------+-------+----------------------
         Total | 100.0 | 100.0 |   N/A |   N/A | 100.0 |  13.0
       Dungeon | 100.0 | 100.0 |   N/A |   N/A | 100.0 |  13.0
               +-------+-------+-------+-------+-------+----------------------

Table legend: (Time is in decaauts)
 A = Elapsed time spent in this place.
 B = Non-inter-level travel time spent in this place.
 C = Inter-level travel time spent in this place.
 D = Time resting spent in this place.
 E = Time spent auto-exploring this place.
 F = Levels seen in this place.
 G = Mean time per level.
                   A        B        C        D        E       F      G
               +--------+--------+--------+--------+--------+-----+--------+
         Total |    162 |    162 |      0 |      0 |    110 |   1 |  162.0 |
       Dungeon |    162 |    162 |      0 |      0 |    110 |   1 |  162.0 |
               +--------+--------+--------+--------+--------+-----+--------+

Top non-repeatable levels by time:
     D:1: 162 daAuts
